 Dungeon Crawl Stone Soup version 0.19.5 (webtiles) character file.

259 coledot the Cudgeler (level 6, -3/37 HPs)
             Began as a Gargoyle Fighter on Mar 4, 2017.
             Was a Believer of Zin.
             Slain by an ogre
             ... wielding a +0 giant club
              (8 damage)
             ... on level 4 of the Dungeon.
             The game lasted 00:07:03 (2926 turns).

coledot the Cudgeler (Gargoyle Fighter)             Turns: 2926, Time: 00:07:03

Health: -3/37      AC: 14    Str: 23    XL:     6   Next: 17%
Magic:  5/6        EV:  7    Int:  9    God:    Zin [**....]
Gold:   189        SH:  9    Dex: 10    Spells: 0 memorised, 5 levels left

rFire  . . .     SeeInvis .     a - +0 flail
rCold  . . .     Gourm    .     b - +0 scale mail
rNeg   + . .     Faith    .     c - +0 shield
rPois  ∞         Spirit   .     w - +2 hat
rElec  +         Reflect  .     (no cloak)
rCorr  .         Harm     .     (no gloves)
MR     .....                    x - +0 pair of boots (curse)
Stlth  ..........               (no amulet)
                                (no ring)
                                (no ring)

@: vitalised
A: negative energy resistance 1, electricity resistance, unbreathing,
petrification resistance, rot immunity, AC +4
a: Recite, Vitalisation, Donate Gold, Renounce Religion


You were on level 4 of the Dungeon.
You worshipped Zin.
Zin was pleased with you.
You were hungry.

You visited 1 branch of the dungeon, and saw 4 of its levels.

You collected 209 gold pieces.
You donated 20 gold pieces to Zin.

Inventory:

Hand Weapons
 a - a +0 flail (weapon)
Armour
 b - a +0 scale mail (worn)
 c - a +0 shield (worn)
 s - a +0 plate armour
 w - a +2 hat (worn)
 x - a cursed +0 pair of boots (worn)
Scrolls
 g - a scroll of fear {unknown}
 i - a scroll of magic mapping {unknown}
 j - 4 scrolls of remove curse {unknown}
 k - 3 scrolls of amnesia {unknown}
 l - 4 scrolls of identify {unknown}
 n - 2 scrolls of teleportation {unknown}
 v - a scroll of recharging {unknown}
Potions
 d - a potion of might
 e - a potion of cancellation {unknown}
 m - a potion of flight {unknown}
 o - a potion of lignification {unknown}
 r - a potion of ambrosia {unknown}
 t - 2 potions of agility {unknown}
Comestibles
 f - 2 bread rations
 h - a slice of pizza
 q - 2 beef jerkies
 u - a meat ration


   Skills:
 - Level 3.2 Fighting
 + Level 6.3 Maces & Flails
 - Level 3.2 Armour
 - Level 3.2 Shields


You had 5 spell levels left.
You didn't know any spells.

Dungeon Overview and Level Annotations

Branches:
Dungeon (4/15)
 Temple: D:4-7

Altars:
Dithmenos
Elyvilon
Ru
Zin

Annotations:
D:3 zeke's ghost, amateur MiFi


Innate Abilities, Weirdness & Mutations

You are resistant to torment.
Your stone body is resilient. (AC +4)
You are immune to poison.
You resist negative energy. (rN+)
You are resistant to electric shocks. (rElec)
You can survive without breathing.
You are immune to petrification.
You are immune to rotting.


Message History

No target in view!
No target in view!
You butcher the worm corpse.
p - 9 chunks of flesh (gained 1)
You now have 97 gold pieces (gained 13).
You butcher the bat corpse.
p - 10 chunks of flesh (gained 1)
You see here a bat skeleton. x2
A bat comes into view.
A bat is nearby!
You block the bat's attack. x2
You see here 6 gold pieces.
You closely miss the bat. You block the bat's attack.
You closely miss the bat. The bat hits you but does no damage.
You block the bat's attack.
You block the bat's attack. x2; The bat hits you but does no damage.
You closely miss the bat. The bat hits you but does no damage.
The bat closely misses you.
Found a runed spear.
The bat hits you but does no damage. You block the bat's attack.
The bat barely misses you. The bat hits you but does no damage. x2
You hit the bat.
You kill the bat!
No target in view!
No target in view!
You butcher the bat corpse.
p - 11 chunks of flesh (gained 1)
You now have 103 gold pieces (gained 6).
r - a lumpy golden potion You now have 109 gold pieces (gained 6).
Some of the chunks of flesh in your inventory have rotted away.
You open the door.
Found a dagger.
There is an open door here.
You see here a dagger.
Found a white marble altar of Elyvilon.
Some of the chunks of flesh in your inventory have rotted away.
Found a sacrificial altar of Ru.
Found a glowing silver altar of Zin.
There is a glowing silver altar of Zin here.
Unknown command.
Press < or > to pray at altars.
You kneel at the altar of Zin.
Okay, then.
You kneel at the altar of Zin.
Zin welcomes you!
You pay a tithe of 10 gold.
You can now recite Zin's Axioms of Law.
You can now donate money to Zin.
There is an open door here.
Eating one of 6 chunks of flesh.
You start eating one of the 6 chunks of flesh.
You are feeling hungry.
This raw flesh tastes terrible.
You open the door.
There is an open door here.
There is an open door here.
j - 2 scrolls labeled NASOX NATA (gained 1) Some of the chunks of flesh in your inventory have rotted away.
Some of the chunks of flesh in your inventory have rotted away.
You open the door.
There is an open door here.
Some of the chunks of flesh in your inventory have rotted away.
Some of the chunks of flesh in your inventory have rotted away.
A frilled lizard comes into view.
The frilled lizard hisses angrily.
You miss the frilled lizard.
The frilled lizard bites you but does no damage. x2
You closely miss the frilled lizard. The frilled lizard barely misses you.
You hit the frilled lizard.
You kill the frilled lizard!
No target in view!
No target in view!
Found a stone staircase leading down. 2 goblins come into view.
A bat comes into view.
Found a war axe.
The bat hits you but does no damage.
You miss the bat. You block the bat's attack.
The bat hits you but does no damage. The goblin hits you but does no damage.
You barely miss the goblin. You block the bat's attack.
You block the goblin's attack.
You closely miss the goblin. The bat closely misses you.
You block the goblin's attack. The goblin hits you but does no damage.
You block the goblin's attack.
You barely miss the bat. The bat barely misses you. You block the bat's attack.
You block the goblin's attack. The bat hits you but does no damage.
The goblin hits you but does no damage. x2
You thump the bat!
You kill the bat!
The goblin hits you but does no damage. The goblin hits you.
You take 3 damage, and have 20/23 hp.
You barely miss the goblin. You block the goblin's attack.
The goblin barely misses you.
You hit the goblin.
You kill the goblin!
The goblin closely misses you. The goblin hits you with a dagger.
You take 1 damage, and have 19/23 hp.
You completely miss the goblin. You block the goblin's attack.
All of the chunks of flesh in your inventory have rotted away.
You thump the goblin!
You kill the goblin!
No target in view!
No target in view!
No target in view!
You see here a bat corpse.
You butcher the bat corpse.
p - a chunk of flesh You see here a dagger.
Found 20 bolts.
Found 15 stones.
You regained 2 hp, and now have 22/23 hp.
HP restored.
You see here 15 stones.
A goblin and a kobold come into view.
The kobold shouts!
Health restored: 23 You sock the kobold!
You kill the kobold!
Your Maces & Flails skill increases to level 4!
Things that are here:
a short sword; a stone You block the goblin's attack.
You sock the goblin!
You kill the goblin!
No target in view!
No target in view!
No target in view!
Things that are here:
a club; a goblin corpse You pay a tithe of 2 gold.
You now have 114 gold pieces (gained 15).
Found a stone staircase leading up.
An adder comes into view.
The adder hisses angrily.
You closely miss the adder. The adder bites you.
The adder bites you but does no damage.
You take 2 damage, and have 21/23 hp.
You closely miss the adder. The adder closely misses you.
You block the adder's attack.
You miss the adder. You block the adder's attack.
Your scale mail prevents you from hitting the adder.
The adder barely misses you. You block the adder's attack.
You miss the adder. You block the adder's attack. The adder bites you.
You take 1 damage, and have 20/23 hp.
Your shield prevents you from hitting the adder.
The adder bites you but does no damage.
You closely miss the adder.
The adder bites you but does no damage. x2
You completely miss the adder. The adder bites you.
The adder bites you but does no damage.
You take 1 damage, and have 19/23 hp.
You closely miss the adder. You block the adder's attack.
You thump the adder!
You kill the adder!
You have reached level 4!
You feel stronger.
You regained 5 hp, and now have 24/28 hp.
MP restored: 4 You see here an adder corpse.
You start resting.
Eating a chunk of flesh.
You start eating the chunk of flesh.
You are feeling hungry.
This raw flesh tastes terrible.
You start resting.
HP restored.
Health restored: 28 You butcher the adder corpse.
p - a chunk of flesh You see here an adder skeleton. x2
There is an open door here.
You open the door.
There is an open door here.
l - 2 scrolls labeled KEUZUTROISK (gained 1)
Things that are here:
a dagger; a plate armour
There is an open door here.
You see here a war axe.
Done exploring.
There is an open door here.
Things that are here:
a dagger; a plate armour
s - a plate armour
Okay, then.
Done exploring.
There is an open door here.
There is a stone staircase leading down here.
You climb downwards.
A bat comes into view.
Found a leather armour and 28 stones.
Found two stone staircases leading down.
There is a stone staircase leading up here.
The bat hits you but does no damage.
You miss the bat. You block the bat's attack.
You miss the bat. You block the bat's attack.
The bat hits you but does no damage. x2
Your shield prevents you from hitting the bat.
The bat completely misses you. The bat hits you but does no damage.
The bat hits you but does no damage.
Found an escape hatch in the ceiling.
You barely miss the bat. The bat barely misses you. The bat barely misses you.
You hit the bat but do no damage. The bat hits you but does no damage.
You miss the bat. You block the bat's attack.
The bat hits you but does no damage. The bat hits you but does no damage.
The bat barely misses you.
Your shield prevents you from hitting the bat.
The bat hits you but does no damage. x2
The bat hits you but does no damage.
Found a worn wooden wand.
You closely miss the bat. The bat closely misses you. x2
You completely miss the bat. The bat barely misses you.
You block the bat's attack.
You miss the bat. The bat hits you.
You take 1 damage, and have 27/28 hp.
The bat hits you. You block the bat's attack.
You take 1 damage, and have 26/28 hp.
You closely miss the bat. The bat hits you but does no damage. x2
You sock the bat!
You kill the bat!
No target in view!
No target in view!
No target in view!
You see here 28 stones.
HP restored.
There is an escape hatch in the ceiling here.
A jackal comes into view.
The jackal barks!
Health restored: 28 A jackal comes into view.
The jackal barks!
You hear a bark!
The jackal bites you but does no damage.
You closely miss the jackal. You sock the jackal!
You kill the jackal!
The jackal bites you but does no damage.
You barely miss the jackal.
The jackal bites you but does no damage.
The jackal barely misses you.
A jackal comes into view.
You barely miss the jackal.
The jackal bites you but does no damage.
You block the jackal's attack.
You closely miss the jackal.
The jackal bites you but does no damage.
You sock the jackal!
You kill the jackal!
You block the jackal's attack.
You barely miss the jackal. You block the jackal's attack.
The jackal bites you but does no damage.
You miss the jackal. You block the jackal's attack. The jackal bites you.
You take 2 damage, and have 26/28 hp.
You sock the jackal!
You kill the jackal!
No target in view!
No target in view!
No target in view!
No target in view!
Things that are here:
a jackal corpse x3
You butcher the jackal corpse.
p - 3 chunks of flesh (gained 2)
You butcher the jackal corpse.
p - 6 chunks of flesh (gained 3)
You butcher the jackal corpse.
p - 9 chunks of flesh (gained 3)
You see here a jackal skeleton. x2
t - a brown potion You pay a tithe of 2 gold.
You now have 127 gold pieces (gained 13).
You see here a jackal skeleton.
A frilled lizard comes into view.
The frilled lizard hisses angrily.
The frilled lizard moves out of view.
Zeke's ghost (amateur Minotaur Fighter) comes into view.
Health restored: 28 Some of the chunks of flesh in your inventory have rotted away.
There is an escape hatch in the ceiling here.
A mysterious force pulls you upwards. The hatch slams shut behind you.
There is a stone staircase leading down here.
You climb downwards.
Level annotation: zeke's ghost, amateur MiFi An adder and 2 jackals come into view.
The jackal barks! x2; The adder hisses angrily.
You block the adder's attack.
There is a stone staircase leading up here.
You sock the adder!
The adder is almost dead.
The adder bites you but does no damage. You block the adder's attack.
A jackal comes into view.
You completely miss the adder.
The adder is almost dead.
The jackal barks!
The adder bites you.
You take 2 damage, and have 26/28 hp.
Your shield and scale mail prevent you from hitting the adder.
The adder is almost dead.
You block the adder's attack. The adder bites you but does no damage.
The jackal barely misses you.
A jackal comes into view.
You barely miss the adder.
The adder is almost dead.
The jackal barks!
The jackal bites you but does no damage.
You block the adder's attack. The jackal closely misses you.
The jackal bites you but does no damage. x2
The adder bites you but does no damage. You block the jackal's attack. x2
The jackal bites you but does no damage.
You block the adder's attack.
You climb upwards.
There is a stone staircase leading down here.
You sock the adder!
You kill the adder!
You block the jackal's attack. x2
The jackal bites you but does no damage.
The jackal completely misses you.
The jackal bites you but does no damage. x2
The jackal closely misses you. You block the jackal's attack.
You hit the jackal.
The jackal is moderately wounded.
The jackal bites you but does no damage.
You block the jackal's attack. The jackal closely misses you.
The jackal barely misses you.
The jackal bites you but does no damage.
The jackal bites you.
You take 2 damage, and have 25/28 hp.
You hit the jackal.
The jackal is severely wounded.
The jackal bites you but does no damage.
The jackal barely misses you.
The jackal bites you but does no damage.
You closely miss the jackal.
The jackal is severely wounded.
The jackal barely misses you.
The jackal bites you but does no damage.
You block the jackal's attack.
The jackal bites you but does no damage. x2
You block the jackal's attack.
You hit the jackal.
You kill the jackal!
The jackal bites you but does no damage.
The jackal closely misses you.
The jackal bites you but does no damage. x2
You hit the jackal.
The jackal is almost dead.
You block the jackal's attack.
The jackal bites you but does no damage.
The jackal completely misses you. The jackal barely misses you.
You thump the jackal!
You kill the jackal!
The jackal bites you but does no damage.
You sock the jackal!
You kill the jackal!
No target in view!
No target in view!
No target in view!
You butcher the jackal corpse.
p - 10 chunks of flesh (gained 2)
There is a stone staircase leading down, spattered with blood here. x2
You butcher the jackal corpse.
p - 12 chunks of flesh (gained 2)
You butcher the jackal corpse.
p - 14 chunks of flesh (gained 2) Done exploring.
Done exploring.
There is a stone staircase leading down, spattered with blood here.
You climb downwards.
Level annotation: zeke's ghost, amateur MiFi A rat comes into view.
The jackal bites you but does no damage.
The jackal completely misses you.
There is a stone staircase leading up here.
You hit the jackal.
The jackal is severely wounded.
The jackal bites you but does no damage. x2
You sock the jackal!
You kill the jackal!
You barely miss the rat. The rat bites you but does no damage.
You sock the rat!
You kill the rat!
No target in view!
No target in view!
No target in view!
You see here a rat corpse.
You butcher the rat corpse.
p - 15 chunks of flesh (gained 1)
You are feeling hungry.
HP restored.
Health restored: 28
Found a meat ration.
u - a meat ration
Found a stone staircase leading up.
A goblin comes into view.
Your shield prevents you from hitting the goblin.
You block the goblin's attack. The goblin hits you but does no damage.
You barely miss the goblin. You block the goblin's attack.
You closely miss the goblin. The goblin closely misses you.
You miss the goblin. You block the goblin's attack.
The goblin closely misses you.
You closely miss the goblin. You block the goblin's attack.
You hit the goblin.
You kill the goblin!
No target in view!
No target in view!
A frilled lizard is nearby!
The frilled lizard hisses angrily.
You block the frilled lizard's attack.
You closely miss the frilled lizard. You block the frilled lizard's attack.
You hit the frilled lizard.
You kill the frilled lizard!
No target in view!
No target in view!
You pay a tithe of 1 gold.
You now have 135 gold pieces (gained 8).
A kobold comes into view.
It is wielding an enchanted short sword.
The kobold shouts!
A kobold is nearby!
A kobold is nearby!
The kobold unwields an uncursed enchanted short sword.
The kobold wields a blowgun.
The kobold shoots a curare-tipped needle.
The curare-tipped needle hits you.
You see here a curare-tipped needle.
The kobold shoots a curare-tipped needle.
The curare-tipped needle barely misses you.
The kobold unwields an uncursed blowgun.
The kobold wields an uncursed enchanted short sword.
The kobold hits you but does no damage.
You hit the kobold but do no damage. The kobold hits you but does no damage.
You closely miss the kobold. You block the kobold's attack.
Your shield and scale mail prevent you from hitting the kobold.
You block the kobold's attack.
You closely miss the kobold. The kobold hits you but does no damage.
You block the kobold's attack.
You sock the kobold!
You kill the kobold!
No target in view!
No target in view!
Items here: ( )) † an uncursed enchanted short sword; an uncursed blowgun; 4 curare-tipped needles a kobold corpse
Found a scroll labeled MILORR ZARUE.
Found a shadowy altar of Dithmenos.
v - a scroll labeled MILORR ZARUE
There is a shadowy altar of Dithmenos here.
Zeke's ghost turns its malevolent gaze towards you.
A bat comes into view.
You see here a worn wooden wand.
There is a shadowy altar of Dithmenos here.
The bat hits you but does no damage.
You closely miss the bat. The bat hits you but does no damage. x2
You block the bat's attack. The bat barely misses you.
You block the bat's attack.
There is a stone staircase leading up here.
Zeke's ghost hits you!
* * * LOW HITPOINT WARNING * * *
You block the bat's attack.
Some of the chunks of flesh in your inventory have rotted away.
You climb upwards.
There is a stone staircase leading down here.
You take 9 damage, and have 19/28 hp.
MASSIVE DAMAGE!!
You start resting.
Eating one of 7 chunks of flesh.
You start eating one of the 7 chunks of flesh.
This raw flesh tastes terrible.
Some of the chunks of flesh in your inventory have rotted away.
All of the chunks of flesh in your inventory have rotted away.
HP restored.
Health restored: 28
There is a stone staircase leading down here.
You climb downwards.
Level annotation: zeke's ghost, amateur MiFi
There is a stone staircase leading up here.
Found 15 stones.
An orc wizard comes into view. It is wielding a dagger.
The orc wizard shouts!
An orc and an orc wizard come into view.
You start waiting.
You block the orc wizard's attack.
Your shield and scale mail prevent you from hitting the orc wizard.
The orc wizard hits you but does no damage.
You sock the orc wizard!
The orc wizard is heavily wounded.
The orc wizard hits you but does no damage.
You barely miss the orc wizard.
The orc wizard is heavily wounded.
The orc wizard hits you with a dagger.
The orc wizard gestures wildly while chanting.
The orc wizard flickers and vanishes!
Deactivating autopickup; reactivate with Ctrl-A.
You take 2 damage, and have 26/28 hp.
No target in view!
No target in view!
Your scale mail prevents you from hitting something.
Something hits you but does no damage.
You barely miss something.
You hear some strange, mumbled words.
A puff of flame appears from out of thin air!
The puff of flame misses you.
Your shield and scale mail prevent you from hitting something.
Something hits you but does no damage.
You closely miss something. Something hits you but does no damage.
You miss something.
You hear some strange, mumbled words.
A puff of flame appears from out of thin air!
The puff of flame misses you.
You closely miss something.
Something hits you but does no damage. x2
Your shield prevents you from hitting something.
Something hits you but does no damage.
You miss something.
You are feeling hungry.
Something hits you but does no damage.
Your scale mail prevents you from hitting something.
You block something's attack. Something hits you but does no damage.
You barely miss something. Something hits you but does no damage.
You closely miss something. Something hits you but does no damage.
Health restored: 28 You sock something!
Reactivating autopickup.
You feel a bit more experienced.
Things that are here:
a dagger; a robe; an orc corpse
Okay, then.
Found 24 arrows.
Found a scroll labeled KEUZUTROISK.
Found a stone staircase leading down.
l - 3 scrolls labeled KEUZUTROISK (gained 1)
You see here 24 arrows.
There is a stone staircase leading down here.
You climb downwards.
There is a stone staircase leading up here.
There is a shaft here.
You open the door.
Found 14 arrows.
There is an open door here.
Found 6 gold pieces.
A worker ant comes into view.
The worker ant twitches its antennae in your direction.
A worker ant is nearby!
A worker ant is nearby!
The worker ant waves its antennae.
The worker ant bites you but does no damage.
You hit the worker ant but do no damage.
You block the worker ant's attack.
You hit the worker ant but do no damage.
You block the worker ant's attack. The worker ant barely misses you.
You barely miss the worker ant. You block the worker ant's attack.
You closely miss the worker ant.
The worker ant bites you but does no damage.
You hit the worker ant.
The worker ant is lightly wounded.
You block the worker ant's attack.
The worker ant bites you but does no damage.
You hit the worker ant but do no damage.
The worker ant is lightly wounded.
The worker ant waves its antennae.
The worker ant bites you.
You take 3 damage, and have 25/28 hp.
You barely miss the worker ant.
The worker ant is lightly wounded.
The worker ant barely misses you. You block the worker ant's attack.
You hit the worker ant.
The worker ant is moderately wounded.
The worker ant barely misses you. You block the worker ant's attack.
You hit the worker ant but do no damage.
The worker ant is moderately wounded.
You block the worker ant's attack.
You sock the worker ant!
The worker ant is severely wounded.
You block the worker ant's attack.
The worker ant bites you but does no damage.
You completely miss the worker ant.
The worker ant is severely wounded.
The worker ant bites you but does no damage.
Your shield and scale mail prevent you from hitting the worker ant.
The worker ant is severely wounded.
The worker ant bites you.
The worker ant bites you but does no damage.
You take 2 damage, and have 24/28 hp.
You hit the worker ant.
The worker ant is almost dead.
The worker ant bites you.
* * * LOW HITPOINT WARNING * * *
You take 3 damage, and have 21/28 hp.
You barely miss the worker ant.
The worker ant is almost dead.
The worker ant bites you.
* * * LOW HITPOINT WARNING * * *
The worker ant bites you but does no damage.
You take 5 damage, and have 16/28 hp.
You hit the worker ant.
You kill the worker ant!
Your Maces & Flails skill increases to level 5!
You have reached level 5!
You regained 2 hp, and now have 18/32 hp.
MP restored: 5 You start resting.
You are feeling very hungry.
You regained 5 hp, and now have 23/32 hp.
Found a scroll labeled VAMONA TUOTI and a hand axe.
You now have 141 gold pieces (gained 6).
k - 3 scrolls labeled VAMONA TUOTI (gained 1)
You see here a hand axe. 2 jackals come into view.
The jackal barks! x2
The jackal moves out of view.
Found 2 scrolls labeled NASOX NATA.
A jackal is nearby!
A jackal is nearby!
The jackal bites you but does no damage. x2
Found a stone staircase leading down.
You hit the jackal.
The jackal is almost dead.
You block the jackal's attack. x2
The jackal bites you but does no damage.
You closely miss the jackal.
The jackal is almost dead.
The jackal bites you but does no damage.
The jackal barely misses you. The jackal completely misses you.
You hit the jackal.
You kill the jackal!
You block the jackal's attack.
You barely miss the jackal. The jackal barely misses you.
The jackal bites you but does no damage.
You closely miss the jackal.
The jackal bites you but does no damage.
You block the jackal's attack.
You hit the jackal but do no damage. You block the jackal's attack.
You hit the jackal.
The jackal is moderately wounded.
You block the jackal's attack.
The jackal bites you but does no damage.
You closely miss the jackal.
The jackal is moderately wounded.
The jackal barely misses you.
The jackal bites you but does no damage.
You closely miss the jackal.
The jackal is moderately wounded.
The jackal bites you.
You take 1 damage, and have 25/32 hp.
You hit the jackal.
The jackal is heavily wounded.
The jackal bites you but does no damage. x2
You closely miss the jackal.
The jackal is heavily wounded.
You block the jackal's attack.
The jackal bites you but does no damage.
You barely miss the jackal.
The jackal is heavily wounded.
You block the jackal's attack.
You hit the jackal.
The jackal is almost dead.
The jackal bites you.
* * * LOW HITPOINT WARNING * * *
You block the jackal's attack.
You take 1 damage, and have 24/32 hp.
You sock the jackal!
You kill the jackal!
No target in view!
No target in view!
You see here a jackal corpse.
You butcher the jackal corpse.
p - a chunk of flesh Eat a chunk of flesh? (ye/n/q)
You start eating the chunk of flesh.
This raw flesh tastes terrible.
You see here a jackal corpse.
You butcher the jackal corpse.
p - a chunk of flesh
j - 4 scrolls labeled NASOX NATA (gained 2)
There is a stone staircase leading down here.
You pay a tithe of 1 gold.
You now have 151 gold pieces (gained 10).
You open the door.
There is an open door here.
You open the door.
Found a glowing hat.
You regained 2 hp, and now have 27/32 hp.
There is an open door here.
You see here a glowing hat.
w - a glowing hat Wear which item? (? for menu, Esc to quit)
You start putting on your armour.
You continue putting on your glowing hat. x4
You finish putting on your +2 hat.
There is an open door here.
Found 23 stones.
Unknown command.
q - 2 beef jerkies (gained 1) HP restored.
l - 4 scrolls labeled KEUZUTROISK (gained 1)
Found a stone staircase leading down.
Health restored: 32 A worker ant comes into view.
The worker ant twitches its antennae in your direction.
You sock the worker ant!
The worker ant is severely wounded.
You block the worker ant's attack.
You hit the worker ant.
The worker ant is almost dead.
The worker ant waves its antennae.
The worker ant barely misses you.
The worker ant bites you but does no damage.
You sock the worker ant!
You kill the worker ant!
No target in view!
No target in view!
You pay a tithe of 2 gold.
You can now call upon Zin for vitalisation.
You now have 164 gold pieces (gained 13).
Eating a chunk of flesh.
You start eating the chunk of flesh.
You are feeling hungry.
This raw flesh tastes terrible.
You pay a tithe of 1 gold.
You now have 175 gold pieces (gained 11).
t - 2 brown potions (gained 1)
A leopard gecko comes into view.
You barely miss the leopard gecko. The leopard gecko closely misses you.
You sock the leopard gecko!
You kill the leopard gecko!
No target in view!
No target in view!
A quokka comes into view.
Your shield and scale mail prevent you from hitting the quokka.
The quokka bites you but does no damage.
You closely miss the quokka.
The quokka bites you but does no damage.
The quokka barely misses you.
You hit the quokka.
You kill the quokka!
No target in view!
No target in view!
You see here a quokka corpse.
You butcher the quokka corpse.
p - 2 chunks of flesh You see here a quokka skeleton.
No target in view!
You swing at nothing.
You open the door.
There is an open door here.
An iguana comes into view.
The iguana hisses angrily.
The iguana barely misses you.
You hit the iguana but do no damage. You block the iguana's attack.
You sock the iguana!
The iguana is severely wounded.
You block the iguana's attack.
You sock the iguana!
You kill the iguana!
No target in view!
No target in view!
There is a stone staircase leading down here.
An ogre comes into view. It is wielding a giant spiked club.
You see here a hand axe.
There is an open door here.
There is a shaft here.
The ogre falls through a shaft!
The shaft crumbles and collapses.
There is an open door here.
You see here a hand axe.
There is a stone staircase leading down here.
Found a pair of embroidered boots.
A worm comes into view.
A worm is nearby!
You block the worm's attack.
You hit the worm.
The worm is moderately wounded.
The worm bites you but does no damage.
Your scale mail prevents you from hitting the worm.
The worm is moderately wounded.
You thump the worm!
The worm is severely wounded.
The worm completely misses you.
You hit the worm.
The worm is severely wounded.
The worm bites you but does no damage.
You hit the worm but do no damage.
The worm is severely wounded.
You thump the worm!
You kill the worm!
No target in view!
No target in view!
Found a stone staircase leading down.
There are no items here.
You see here a pair of embroidered boots.
x - a pair of embroidered boots Wear which item? (? for menu, Esc to quit)
You start putting on your armour.
You continue putting on your pair of embroidered boots. x4
You finish putting on your cursed +0 pair of boots.
Oops, that feels deathly cold.
You open the door.
There is an open door here.
You open the door.
There is an open door here.
An orc comes into view.
An orc is nearby!
An orc is nearby!
You closely miss the orc. You block the orc's attack. x2
You closely miss the orc. You block the orc's attack.
You hit the orc.
The orc is almost dead.
The orc hits you.
You take 1 damage, and have 31/32 hp.
You closely miss the orc.
The orc is almost dead.
You block the orc's attack.
You closely miss the orc.
The orc is almost dead.
The orc hits you but does no damage.
Your shield prevents you from hitting the orc.
The orc is almost dead.
You block the orc's attack.
All of the chunks of flesh in your inventory have rotted away.
You sock the orc!
You kill the orc!
No target in view!
You aren't carrying any pieces of jewellery.
Unknown command.
Unknown command.
Okay, then.
An adder skeleton comes into view.
Health restored: 32 An adder skeleton is nearby!
You barely miss the adder skeleton.
The adder skeleton bites you but does no damage.
You closely miss the adder skeleton.
The adder skeleton bites you but does no damage.
You hit the adder skeleton.
The adder skeleton is moderately damaged.
You block the adder skeleton's attack.
You hit the adder skeleton.
The adder skeleton is moderately damaged.
The adder skeleton barely misses you.
The adder skeleton bites you but does no damage.
You closely miss the adder skeleton.
The adder skeleton is moderately damaged.
The adder skeleton bites you but does no damage.
You sock the adder skeleton!
The adder skeleton is almost destroyed.
You block the adder skeleton's attack.
You barely miss the adder skeleton.
The adder skeleton is almost destroyed.
You block the adder skeleton's attack.
You sock the adder skeleton!
You destroy the adder skeleton!
Zin accepts your kill.
No target in view!
No target in view!
Found 15 gold pieces.
You pay a tithe of 1 gold.
You now have 189 gold pieces (gained 14).
You are feeling hungry.
An orc comes into view. It is wielding a hand axe.
The orc throws a tomahawk.
You block the tomahawk.
You see here a tomahawk.
The orc throws a tomahawk.
The tomahawk closely misses you.
Found a scroll labeled YTTEOMPESHRI.
Found a stone staircase leading up.
The orc throws a tomahawk.
The tomahawk hits you.
You see here a tomahawk.
You take 3 damage, and have 29/32 hp.
An orc priest comes into view. It is wielding a falchion.
The orc priest shouts!
You hear a shout!
The orc barely misses you.
You hear a shout!
An orc wizard comes into view. It is wielding a dagger.
You closely miss the orc. You block the orc's attack.
Zin grants you divine stamina.
You now have 3/5 mp.
You closely miss the orc. The orc hits you but does no damage.
You sock the orc wizard!
The orc wizard is heavily wounded.
The orc wizard hits you but does no damage.
The orc hits you but does no damage.
You closely miss the orc wizard.
The orc wizard is heavily wounded.
The orc wizard hits you but does no damage.
The orc hits you but does no damage.
You closely miss the orc wizard.
The orc wizard is heavily wounded.
The orc wizard barely misses you. The orc hits you but does no damage.
You block the orc wizard's attack.
You closely miss the orc wizard.
The orc wizard is heavily wounded.
You block the orc's attack. You block the orc wizard's attack.
You sock the orc wizard!
You kill the orc wizard!
Your Maces & Flails skill increases to level 6!
The orc hits you but does no damage. The orc barely misses you.
You sock the orc!
You kill the orc!
You have reached level 6!
Your experience leads to an increase in your attributes!
Your base attributes are Str 21, Int 8, Dex 9.
Increase (S)trength, (I)ntelligence, or (D)exterity?
You feel stronger.
The orc priest calls down the wrath of Beogh upon you.
Pain shoots through your body!
You regained 4 hp, and now have 34/37 hp.
The orc priest looks encouraged for a moment.
Things that are here:
a dagger; a robe; an orc corpse You hit the orc priest.
The orc priest is moderately wounded.
You block the orc priest's attack.
You hit the orc priest.
The orc priest is heavily wounded.
The orc priest invokes the aid of Beogh against you.
Beogh smites you!
* * * LOW HITPOINT WARNING * * *
You hear a shout!
You take 13 damage, and have 21/37 hp.
MASSIVE DAMAGE!!
Your shield prevents you from hitting the orc priest.
The orc priest is heavily wounded.
You block the orc priest's attack.
An orc comes into view. It is wielding a flail.
You sock the orc priest!
You kill the orc priest!
You hit the orc.
The orc is heavily wounded.
You block the orc's attack.
You hit the orc but do no damage.
The orc is heavily wounded.
The orc hits you but does no damage.
You barely miss the orc.
The orc is heavily wounded.
The orc closely misses you.
You closely miss the orc.
The orc is heavily wounded.
The orc hits you but does no damage.
You sock the orc!
You kill the orc!
No target in view!
No target in view!
No target in view!
n - 2 scrolls labeled YTTEOMPESHRI (gained 1)
There is a stone staircase leading up here.
You start resting.
Magic restored.
MP restored: 6
Okay, then.
You start resting.
An orc comes into view. It is wielding a hand axe.
The orc shouts!
You sock the orc!
You kill the orc!
No target in view!
No target in view!
Things that are here:
a hand axe; a leather armour; an orc corpse
Items here: ( ) [ † a hand axe; a leather armour; 2 tomahawks; an orc corpse
Things that are here:
a dagger; a robe; an orc corpse
Things that are here:
a falchion; an orc corpse
Things that are here:
a flail; a chain mail; an orc corpse Your divine stamina fades away.
You see here a tomahawk.
You see here a tomahawk.
There is an open door here.
There is an open door here.
Found a transparent short sword.
You regained 7 hp, and now have 35/37 hp.
An ogre comes into view. It is wielding a giant club.
The ogre shouts!
Zin grants you divine stamina.
You now have 4/6 mp.
Found 10 gold pieces.
You hit the ogre but do no damage. The ogre hits you with a giant club!
* * * LOW HITPOINT WARNING * * *
You take 9 damage, and have 27/37 hp.
MASSIVE DAMAGE!!
Your shield prevents you from hitting the ogre.
The ogre hits you with a giant club.
* * * LOW HITPOINT WARNING * * *
You take 6 damage, and have 21/37 hp.
You sock the ogre!
The ogre is heavily wounded.
The ogre hits you with a giant club.
* * * LOW HITPOINT WARNING * * *
You take 3 damage, and have 18/37 hp.
You hit the ogre.
The ogre is severely wounded.
You block the ogre's attack.
You barely miss the ogre.
The ogre is severely wounded.
The ogre hits you with a giant club!
* * * LOW HITPOINT WARNING * * *
You take 14 damage, and have 4/37 hp.
MASSIVE DAMAGE!!
You are too injured to fight recklessly!
You are too injured to fight recklessly!
You are too injured to fight recklessly!
You hit the ogre but do no damage.
The ogre is severely wounded.
You hit the ogre.
The ogre is almost dead.
You block the ogre's attack.
Your shield prevents you from hitting the ogre.
The ogre is almost dead.
The ogre hits you with a giant club!
You die...

..# #.......#.#
..########.......#.#
.........'.........#
'#########.........#
.# #.........# .#
#######...# .# #...#
.# #...# .# #@..# .#
#..O.># .# #.......#
.##### #.......#
.....# #....)..#
####.# #.......#
####.# ......$.#
.....# ..........
.....#


You could see an ogre.

Vanquished Creatures
  An orc priest (D:4)
  2 worker ants (D:4)
  2 orc wizards
  An iguana (D:4)
  2 adders (D:2)
  An adder skeleton (D:4)
  2 worms
  4 leopard geckos
  4 orcs (D:4)
  9 bats
  3 giant cockroaches (D:1)
  9 goblins
  4 hobgoblins (D:2)
  9 jackals
  A quokka (D:4)
  7 frilled lizards
  5 kobolds
  7 rats
73 creatures vanquished.

Notes
Turn   | Place    | Note
-------+----------+-------------------------------------------
     0 | D:1      | coledot the Gargoyle Fighter began the quest for the Orb.
     0 | D:1      | Reached XP level 1. HP: 14/14 MP: 1/1
   166 | D:1      | Reached XP level 2. HP: 17/19 MP: 2/2
   242 | D:1      | Reached skill level 3 in Maces & Flails
   882 | D:1      | Reached XP level 3. HP: 23/23 MP: 3/3
  1160 | D:2      | Found a faded altar of an unknown god.
  1268 | D:2      | Found a white marble altar of Elyvilon.
  1272 | D:2      | Found a sacrificial altar of Ru.
  1275 | D:2      | Found a glowing silver altar of Zin.
  1283 | D:2      | Became a worshipper of Zin the Law-Giver
  1283 | D:2      | Reached * piety under Zin
  1536 | D:2      | Reached skill level 4 in Maces & Flails
  1608 | D:2      | Reached XP level 4. HP: 24/28 MP: 4/4
  1836 | D:3      | Noticed zeke's ghost (amateur MiFi)
  1992 | D:3      | Found a shadowy altar of Dithmenos.
  2299 | D:4      | Reached skill level 5 in Maces & Flails
  2299 | D:4      | Reached XP level 5. HP: 18/32 MP: 5/5
  2474 | D:4      | Reached ** piety under Zin
  2612 | D:4      | Noticed an ogre
  2795 | D:4      | Reached skill level 6 in Maces & Flails
  2796 | D:4      | Reached XP level 6. HP: 35/37 MP: 3/6
  2926 | D:4      | Slain by an ogre

Skill      XL: |  1  2  3  4  5 |
---------------+----------------+-----
Maces & Flails | 3 4 5 6 |  6.3
Fighting       | |  3.2
Armour         | |  3.2
Shields        | |  3.2

Action                   |  1- 3 |  4- 6 || total
-------------------------+-------+-------++-------
Melee: Flail             |   142 |   153 ||   295
Invok: Vitalisation      |       |     2 ||     2
  Eat: Chunk             |     2 |     4 ||     6
Armor: Scale mail        |    66 |    98 ||   164
Dodge: Dodged            |    51 |    44 ||    95
Block: Shield            |    93 |    76 ||   169
